 Dungeon Crawl Stone Soup version 0.24-b1 (webtiles) character file.

Game seed: 18169425651898596601, levelgen mode: deterministic

508 Kohma the Insei (level 7, -2/43 HPs)
             Began as an Octopode Transmuter on Oct 12, 2019.
             Killed by divine providence
             ... invoked by an orc priest
              (11 damage)
             ... on level 4 of the Dungeon.
             The game lasted 00:12:41 (4471 turns).

Kohma the Insei (Octopode Transmuter)               Turns: 4471, Time: 00:12:41

Health: -2/43      AC:  2    Str:  9    XL:     7   Next: 18%
Magic:  3/10       EV: 20    Int: 16    God:
Gold:   223        SH:  0    Dex: 19    Spells: 4/10 levels left

rFire    . . .     SeeInvis .     - Unarmed
rCold    . . .     Gourm    .   (shield currently unavailable)
rNeg     . . .     Faith    .   (helmet currently unavailable)
rPois    x         Spirit   .   (no amulet)
rElec    .         Reflect  .   (no ring)
rCorr    .         Harm     .   (no ring)
MR       .....                  (no ring)
Stlth    ++........             (no ring)
HPRegen  0.14/turn              (no ring)
MPRegen  0.12/turn              (no ring)
                                (no ring)
                                (no ring)

@: spider-form
A: tiny, almost no armour, stealthy swim, (amphibious), 8 rings, (constrict 8)
a: End Transformation


You were on level 4 of the Dungeon.
You were not hungry.
You were a venomous arachnid creature.
You visited 1 branch of the dungeon, and saw 4 of its levels.

You collected 223 gold pieces.

Inventory:

Missiles
 a - 56 arrows
 j - 80 stones (quivered)
Armour
 k - a +0 buckler
Scrolls
 g - 2 scrolls of teleportation
 h - 2 scrolls of remove curse
 l - a scroll of fog
 m - a scroll of enchant armour
Potions
 b - 4 potions of curing
 e - 2 potions of flight
 f - a potion of magic {unknown}
 i - a potion of degeneration {unknown}
 o - 3 potions of mutation
 q - a potion of brilliance {unknown}
 r - 2 potions of agility
Comestibles
 c - 5 rations


   Skills:
 - Level 1.0 Fighting
 - Level 2.0 Dodging
 + Level 6.1 Unarmed Combat
 - Level 2.0 Spellcasting
 + Level 3.9 Transmutations
 - Level 4.1 Poison Magic


You had 4 spell levels left.
You knew the following spells:

 Your Spells              Type           Power        Failure   Level  Hunger
a - Beastly Appendage     Tmut           ##....       13%         1    #......
b - Sticks to Snakes      Tmut           ##......     17%         2    ###....
c - Spider Form           Tmut/Pois      ##........   28%         3    ###....

Your spell library contained the following spells:

 Spells                   Type           Power        Failure   Level  Hunger
 Ice Form                 Ice/Tmut       #.......     85%         4    #####..
 Blade Hands              Tmut           ##........   89%         5    ######.


Dungeon Overview and Level Annotations

Branches:
Dungeon (4/15)
 Temple: D:4-7

Altars:
Ru


Innate Abilities, Weirdness & Mutations

You cannot wear most types of armour.
You are very stealthy in the water. (Stealth+)
((You are amphibious.))
You can wear up to eight rings at the same time.
((You can use your tentacles to constrict eight enemies at once.))
((Your skin changes colour to match your surroundings (Stealth+).))
((Your rubbery body absorbs attacks. (AC +1, EV +1)))


Message History

You hit the orc priest.
The orc priest is poisoned.
The orc priest is lightly wounded.
Your transformation has ended.
The orc priest closely misses you.
You tentacle-slap the orc priest. Your grab misses the orc priest.
You squeeze the orc priest.
The orc priest is severely wounded.
The orc priest calls down the wrath of Beogh upon you.
Beogh smites you!
* * * LOW HITPOINT WARNING * * *
Casting: Spider Form (safe; 12% risk of failure)
Confirm with . or Enter, or press ? or * to list all spells.
You turn into a venomous arachnid creature.
The orc priest closely misses you.
You hit the orc priest.
The orc priest looks as sick as possible!
The orc priest is almost dead.
The orc priest calls down the wrath of Beogh upon you.
Beogh smites you!
You die...

#.# #..............
####.#### #.......#..#..#
#.>.....# #.......#..#..#
#.#.#.#.# #..............
#..###..# #..........#...
#.#.#.#.# ####.####..#...
#.......######...........
####.###)......#########.
#. #s#####.#########. ..
#o# ......... #.....).oo#
.######## #...##.##o....
# ### #.# ##.# # #.. #
### # # #


You could see an orc priest.

Vanquished Creatures
  An ogre (D:4)
  2 scorpions
  An orc wizard (D:3)
  2 orc priests (D:4)
  Terence (D:2)
  Natasha (thrice) (D:2)
  A hound skeleton (D:4)
  3 gnolls (D:4)
  An adder (D:3)
  A worm (D:3)
  4 leopard geckos
  14 orcs
  2 ball pythons
  5 giant cockroaches
  7 hobgoblins
  7 kobolds
  A quokka (D:3)
  11 bats
  A frilled lizard (D:3)
  5 goblins
  3 rats
76 creatures vanquished.

Vanquished Creatures (collateral kills)
  An adder (D:4)
1 creature vanquished.

Grand Total: 77 creatures vanquished

Notes
Turn   | Place    | Note
-------+----------+-------------------------------------------
     0 | D:1      | Kohma the Octopode Transmuter began the quest for the Orb.
     0 | D:1      | Reached XP level 1. HP: 13/13 MP: 3/3
   255 | D:1      | Reached XP level 2. HP: 18/18 MP: 5/5
   845 | D:1      | Reached skill level 4 in Unarmed Combat
  1153 | D:1      | Learned a level 2 spell: Sticks to Snakes
  1158 | D:2      | Noticed Terence
  1173 | D:2      | Reached XP level 3. HP: 23/23 MP: 4/6
  1178 | D:2      | Learned a level 3 spell: Spider Form
  1197 | D:2      | Noticed a scorpion
  1208 | D:2      | Killed a scorpion
  1208 | D:2      | Reached skill level 5 in Unarmed Combat
  1208 | D:2      | Reached XP level 4. HP: 21/28 MP: 7/7
  1404 | D:2      | Noticed Natasha
  1753 | D:2      | Killed Terence
  1753 | D:2      | Reached skill level 1 in Poison Magic
  1922 | D:2      | Killed Natasha
  1922 | D:2      | Reached XP level 5. HP: 21/33 MP: 4/8
  2150 | D:2      | Noticed Natasha
  2157 | D:2      | Killed Natasha
  2209 | D:2      | Noticed Natasha
  2354 | D:2      | Found a sacrificial altar of Ru.
  2432 | D:2      | Killed Natasha
  3044 | D:3      | Reached XP level 6. HP: 29/38 MP: 7/9
  4264 | D:4      | Reached XP level 7. HP: 28/43 MP: 6/10
  4441 | D:4      | Reached skill level 6 in Unarmed Combat
  4471 | D:4      | Killed from afar by an orc priest

Skill      XL: |  1  2  3  4  5  6  7 |
---------------+----------------------+-----
Unarmed Combat | 4 5 6 |  6.1
Poison Magic   | 3 4 |  4.1
Transmutations | 3 |  3.9
Fighting       | |  1.0
Dodging        | |  2.0
Spellcasting   | |  2.0

Action                   |  1- 3 |  4- 6 |  7- 9 || total
-------------------------+-------+-------+-------++-------
Melee: Unarmed           |    48 |   125 |    17 ||   190
       Constrict         |    15 |    16 |     1 ||    32
       Tentacles         |     6 |     8 |     3 ||    17
       Punch             |     2 |     1 |       ||     3
       Kick              |     8 |     8 |       ||    16
 Cast: Beastly Appendage |    13 |    10 |       ||    23
       Sticks to Snakes  |       |     6 |     2 ||     8
       Spider Form       |       |    13 |     2 ||    15
  Use: Potion            |       |     1 |       ||     1
       Scroll            |       |     8 |       ||     8
 Stab: Sleeping          |       |     6 |       ||     6
  Eat: Chunk             |     1 |     5 |     1 ||     7
       Ration            |       |     2 |       ||     2
Armor: Skin              |    11 |    10 |       ||    21
Dodge: Dodged            |    41 |   106 |    14 ||   161
